 Dungeon Crawl Stone Soup version 0.29-a0-304-gb34f9e1 (webtiles) character file.

Game seed: 2971526896904598038

61 Think the Cutter (level 4, -1/31 HPs)
             Began as an Octopode Fighter on Mar 26, 2022.
             Was a Follower of Elyvilon.
             Slain by a gnoll
             ... wielding a +0 flail
              (10 damage)
             ... on level 2 of the Dungeon.
             The game lasted 00:03:26 (2169 turns).

Think the Cutter (Octopode Fighter)                 Turns: 2169, Time: 00:03:27

Health: -1/31      AC:  1    Str: 15    XL:     4   Next: 7%
Magic:  13/13      EV: 13    Int: 10    God:    Elyvilon [*.....]
Gold:   38         SH:  4    Dex: 13    Spells: 3/3 levels left

rFire   . . .      SeeInvis .   a - +0 rapier
rCold   . . .      Faith    .   b - +0 buckler
rNeg    . . .      Spirit   .   (helmet restricted)
rPois   .          Reflect  .   (no amulet)
rElec   .          Harm     .   f - ring of magical power
rCorr   .          Rampage  .   (no ring)
Will    .....                   (no ring)
Stlth   ++........              (no ring)
HPRegen 0.10/turn               (no ring)
MPRegen 0.13/turn               (no ring)
                                (no ring)
                                (no ring)

@: mighty
A: almost no armour, amphibious, 8 rings, camouflage 1, gelatinous body 1,
(nimble swimmer 1), tentacles
a: Renounce Religion, Purification


You were on level 2 of the Dungeon.
You worshipped Elyvilon.
Elyvilon was aware of your devotion.
You visited 1 branch of the dungeon, and saw 2 of its levels.

You collected 38 gold pieces.

Inventory:

Hand Weapons
 a - a +0 rapier (weapon)
Armour
 b - a +0 buckler (worn)
Jewellery
 f - a ring of magical power (left tentacle)
 g - a ring of ice
Scrolls
 d - 3 scrolls of fear {unknown}
 e - 2 scrolls of magic mapping {unknown}
 i - a scroll of noise {unknown}
Potions
 h - a potion of invisibility {unknown}


   Skills:
 - Level 3.0 Fighting
 + Level 4.2 Short Blades
 - Level 3.0 Dodging
 - Level 3.0 Shields


You had 3 spell levels left.
You didn't know any spells.
Your spell library was empty.

Dungeon Overview and Level Annotations

Branches:
Dungeon (2/15)

Altars:
Elyvilon


Innate Abilities, Weirdness & Mutations

You cannot wear most types of armour.
You are amphibious.
You can wear up to eight rings at the same time.
Your skin changes colour to match your surroundings (Stealth+).
Your rubbery body absorbs attacks. (AC +1, EV +1)
((You are camouflaged when in or above water. (Stealth+)))
You have tentacles for arms and can constrict up to eight enemies at once.


Message History

A kobold is nearby!
A kobold is nearby!
Found 14 gold pieces.
You see here 11 gold pieces.
The kobold shouts!
You block the kobold's attack.
You closely miss the kobold. You grab the kobold. You tentacle-slap the kobold.
The kobold is moderately wounded.
You constrict the kobold. You block the kobold's attack.
You hit the kobold.
You kill the kobold!
No target in view!
Things that are here:
a +0 whip; a kobold corpse You now have 27 gold pieces (gained 14).
e - 2 scrolls labelled LEMITA VAUCA (gained 1)
You now have 38 gold pieces (gained 11).
There is a stone staircase leading up here.
Key pressed, stopping explore.
Found a stone staircase leading down.
There is a stone staircase leading down here.
Found a club.
g - a ring of ice
Found a runed hand axe.
A gnoll comes into view. It is wielding a +0 flail.
Found 11 gold pieces.
A gnoll is nearby! 2 gnolls come into view.
The helpless gnoll fails to defend itself.
You puncture the gnoll! You grab the gnoll. You squeeze the gnoll.
You kill the gnoll!
The gnoll shouts!
The gnoll hits you with a +0 flail!
You have reached level 4!
The gnoll attacks as you move away! The gnoll hits you with a +0 flail!
The gnoll attacks as you move away! The gnoll hits you with a +0 flail.
* * * LOW HITPOINT WARNING * * *
You feel very mighty all of a sudden. The gnoll hits you with a +0 flail!
You die...

##♣#♣.♣###.###.
........)...... # ♣.#
.... ..## ####.##.....
#...####...........
#...##.#..##.).$.
#####......## ..♣.
########.......g.#.##
♣♣
#............@g....)#
.#.######..###.####.#♣
...######..# #.# .#
.........>.###.# .#
................. .#
#..#####...###.##
#..........# #.#
#..####....# #.#
...####....###.# .


You could see 2 gnolls.

Vanquished Creatures
  A gnoll (D:2)
  An adder (D:2)
  A worm (D:2)
  A dart slug (D:1)
  2 bats
  A giant cockroach (D:1)
  6 goblins (D:1)
  6 hobgoblins
  4 jackals (D:1)
  A quokka (D:1)
  A frilled lizard (D:1)
  7 kobolds
  3 rats
35 creatures vanquished.

Notes
Turn   | Place    | Note
-------+----------+-------------------------------------------
     0 | D:1      | Think the Octopode Fighter began the quest for the Orb.
     0 | D:1      | Reached XP level 1. HP: 16/16 MP: 1/1
   282 | D:1      | Reached XP level 2. HP: 19/21 MP: 2/2
   441 | D:1      | Reached skill level 3 in Short Blades
   622 | D:1      | Reached XP level 3. HP: 22/26 MP: 3/3
  1689 | D:2      | Found a faded altar of an unknown god.
  1713 | D:2      | Reached skill level 4 in Short Blades
  2096 | D:2      | Prayed at the altar of an unknown god.
  2096 | D:2      | Became a worshipper of Elyvilon the Healer
  2096 | D:2      | Reached * piety under Elyvilon
  2162 | D:2      | Reached XP level 4. HP: 19/31 MP: 4/4
  2169 | D:2      | Slain by a gnoll

Illustrated notes

Levels and vault maps discovered:
D:1:      wheals_arrival_linesprint, layout_loops_corners, st_stairs_14
D:2:      layout_loops_ring, ebering_ecumenical_altar_abandoned, serial_shops,
          nicolae_shop_behind_doors, serial_forest, infiniplex_forest_end_1,
          infiniplex_forest_lined_2, infiniplex_forest_side_room,
          infiniplex_forest_lined_2, infiniplex_forest_straight_3,
          infiniplex_forest_clump_double, infiniplex_forest_lined_corner

Skill      XL: |  1  2  3 |
---------------+----------+-----
Short Blades   | 3 4 |  4.2
Fighting       | |  3.0
Dodging        | |  3.0
Shields        | |  3.0

Action                   |  1- 3 |  4- 6 || total
-------------------------+-------+-------++-------
Melee: Rapier            |    66 |       ||    66
       Constrict         |    17 |       ||    17
       Tentacles         |    13 |       ||    13
       Punch             |     1 |       ||     1
  Use: Potion            |     1 |     1 ||     2
 Stab: Sleeping          |     7 |       ||     7
Armor: Skin              |     2 |       ||     2
Dodge: Dodged            |    35 |       ||    35
Block: Buckler           |    12 |       ||    12

Table legend: (Time is in decaauts)
 A = Elapsed time spent in this place.
 B = Non-inter-level travel time spent in this place.
 C = Inter-level travel time spent in this place.
 D = Time resting spent in this place.
 E = Time spent auto-exploring this place.
 F = Levels seen in this place.
 G = Mean time per level.
                   A        B        C        D        E       F      G
               +--------+--------+--------+--------+--------+-----+--------+
         Total |   2173 |   2073 |    100 |    473 |   1372 |   2 | 1086.5 |
       Dungeon |   2173 |   2073 |    100 |    473 |   1372 |   2 | 1086.5 |
               +--------+--------+--------+--------+--------+-----+--------+

Top non-repeatable levels by time:
     D:1: 1565 daAuts
     D:2: 608 daAuts
